 Dungeon Crawl Stone Soup version 0.29-a0-338-g1ff7896281 (webtiles) character file.

Game seed: 1532081827206792687

549 Jortsu the Shield-Bearer (level 7, -14/67 HPs)
             Began as a Troll Fighter on Apr 19, 2022.
             Was a Priest of Dithmenos.
             Killed from afar by Pikel (28 damage)
             ... with a bolt of acid
             ... on level 4 of the Dungeon.
             The game lasted 00:05:15 (2476 turns).

Jortsu the Shield-Bearer (Troll Fighter)            Turns: 2476, Time: 00:05:15

Health: -14/67     AC: 11    Str: 30    XL:     7   Next: 7%
Magic:  6/6        EV:  7    Int:  4    God:    Dithmenos [***...]
Gold:   251        SH:  7    Dex:  9    Spells: 6/6 levels left

rFire   + + .      SeeInvis .   f - +7 Throatcutter {drain, coup de grace}
rCold   x . .      Faith    .   c - +0 kite shield
rNeg    . . .      Spirit   .   l - +1 fire dragon scales "Heapoa" {rF++ rC- Str+3}
rPois   .          Reflect  .   (helmet restricted)
rElec   .          Harm     .   (no cloak)
rCorr   .          Rampage  .   (gloves unavailable)
Will    .....                   (boots unavailable)
Stlth   ..........              (no amulet)
HPRegen 1.01/turn               (no ring)
MPRegen 0.10/turn               (no ring)

@: wreathed by umbra
A: large, unfitting armour, claws 3, regeneration 1, shaggy fur 1, tough skin 1
a: Renounce Religion, Shadow Step


You were on level 4 of the Dungeon.
You worshipped Dithmenos.
Dithmenos was most pleased with you.
You visited 1 branch of the dungeon, and saw 4 of its levels.

You collected 251 gold pieces.

Inventory:

Hand Weapons
 a - a +0 vampiric flail
 f - the +7 Throatcutter (weapon) {drain, coup de grace}
   (You found it on level 2 of the Dungeon)

   A truly terrible weapon, it drains the life of any living foe it strikes.
   It may instantly kill foes which have little health.
Armour
 c - a +0 kite shield (worn)
 l - the +1 fire dragon scales "Heapoa" (worn) {rF++ rC- Str+3}
   (You found it on level 3 of the Dungeon)

   Str:       It affects your strength (+3).
   rF:        It greatly protects you from fire.
   rC:        It makes you vulnerable to cold.
Wands
 b - a wand of digging (1)
Scrolls
 i - a scroll of fog {unknown}
 m - a scroll of enchant armour {unknown}
 p - a scroll of identify
Potions
 d - 3 potions of might
 e - a potion of flight
 g - a potion of lignification {unknown}
 h - 2 potions of heal wounds
 j - a potion of mutation
 k - 2 potions of curing
 n - a potion of berserk rage
 o - a potion of cancellation {unknown}


   Skills:
 + Level 3.5 Fighting
 + Level 3.2 Long Blades
 + Level 3.0 Maces & Flails
 + Level 0.6 Armour
 + Level 3.3 Dodging
 + Level 0.4 Stealth
 + Level 3.5 Shields


You had 6 spell levels left.
You didn't know any spells.
Your spell library contained the following spells:

 Spells                   Type           Power      Damage    Failure   Level
 Confusing Touch          Hex            0%         N/A       100%        3
 Yara's Violent Unravell  Hex/Tmut       0%         3d3       100%        5
 Enfeeble                 Hex            0%         N/A       100%        7


Dungeon Overview and Level Annotations

Branches:
Dungeon (4/15)
 Temple: D:4-7

Altars:
Dithmenos
Gozag
Sif Muna
Trog
Zin

Annotations:
D:4 Ijyb, Pikel


Innate Abilities, Weirdness & Mutations

You are too large for most types of armour.
You have claws for hands.
Your natural rate of healing is unusually fast.
You are covered in fur. (AC +1)
You have tough skin. (AC +1)


Message History

You kill the kobold!
Dithmenos accepts your kill.
An endoplasm comes into view.
The endoplasm quivers.
Things that are here:
a +0 short sword; a kobold corpse An endoplasm is nearby!
The endoplasm hits you but does no damage.
You slash the endoplasm!
You kill the endoplasm!
Dithmenos accepts your kill.
You open the door.
There is an open door here.
You now have 196 gold pieces (gained 10).
You now have 204 gold pieces (gained 8).
You now have 224 gold pieces (gained 20).
m - a scroll labelled SUWKOF VAHIKH You now have 231 gold pieces (gained 7).
You now have 239 gold pieces (gained 8).
You now have 251 gold pieces (gained 12).
There is a bloodstained altar of Trog here.
There is an open door here.
Things that are here:
a +0 dagger; 6 poisoned darts
Found a stone staircase leading up.
p - a scroll of identify Pikel, a lemure and Ijyb come into view.
Pikel is wielding a +0 whip of flaming and carrying a wand of acid (3).
Ijyb is wielding a +0 club and carrying a wand of iceblast (7).
Pikel shouts!
The lemure shouts!
Ijyb shouts!
You hear a shout!
A lemure comes into view. x2
The lemure shouts!
You hear a shout! x2
Ijyb zaps a wand.
The mass of ice explodes!
The iceblast engulfs you!
You feel a painful chill!
You hear a shout!
Ijyb zaps a wand.
The mass of ice explodes!
The iceblast engulfs you!!
You feel a painful chill!
Pikel zaps a wand.
The bolt of acid hits you!!
* * * LOW HITPOINT WARNING * * *
Pikel zaps a wand.
The bolt of acid hits you!!
You die...

.###...........###
#.......)........#
##.##.########.#.##### #.....#
#.#.....#
##.....#######.#.....#
#....................#
.#.....#######.#.()..#####
.....................)...##
....<.########..@.#..)....####
##.#.## #....##.###.......#
#.#.# #K#..######.#..##.## .
..# #.#g.# #.........# .#.#
#K#..# #.#######.# #.#.#
#5#..# #.#.....#.# # #.#
#..5..# #.#.....#.# #.#
#55##.# #.'.._..#.# #<.##.#
##.#.....#.#


You could see Pikel, a lemure and Ijyb.

Vanquished Creatures
  Edmund (D:4)
  3 scorpions
  3 jellies (D:3)
  7 adders
  A shadow imp (D:4)
  2 dart slugs
  3 orcs (D:3)
  18 endoplasms
  4 giant cockroaches (D:2)
  9 goblins
  5 hobgoblins
  2 quokkas (D:1)
  4 ball pythons
  6 bats
  4 frilled lizards
  14 kobolds
  8 rats
94 creatures vanquished.

Vanquished Creatures (others)
  6 fungi (D:3)
  5 toadstools (D:3)
11 creatures vanquished.

Grand Total: 105 creatures vanquished

Notes
Turn   | Place    | Note
-------+----------+-------------------------------------------
     0 | D:1      | Jortsu the Troll Fighter began the quest for the Orb.
     0 | D:1      | Reached XP level 1. HP: 22/22 MP: 0/0
    50 | D:1      | Found a faded altar of an unknown god.
    69 | D:1      | Prayed at the altar of an unknown god.
    69 | D:1      | Became a worshipper of Dithmenos the Shadowed
    69 | D:1      | Reached * piety under Dithmenos
   109 | D:1      | Reached XP level 2. HP: 27/29 MP: 1/1
   797 | D:2      | Found the +7 Throatcutter {drain, coup de grace}
   811 | D:2      | Reached XP level 3. HP: 36/36 MP: 2/2
  1008 | D:2      | Reached ** piety under Dithmenos
  1049 | D:2      | Noticed a scorpion
  1053 | D:2      | Killed a scorpion
  1054 | D:2      | Reached XP level 4. HP: 41/44 MP: 3/3
  1453 | D:3      | Noticed a scorpion
  1458 | D:3      | Killed a scorpion
  1459 | D:3      | Reached skill level 1 in Long Blades
  1459 | D:3      | Reached XP level 5. HP: 30/52 MP: 4/4
  1526 | D:3      | Found a shimmering blue altar of Sif Muna.
  1597 | D:3      | Identified the +1 fire dragon scales "Heapoa" {rF++ rC-
                  | Str+3}
  1624 | D:3      | Found a glowing silver altar of Zin.
  1760 | D:3      | Reached XP level 6. HP: 59/61 MP: 5/5
  1849 | D:3      | Reached *** piety under Dithmenos
  2127 | D:3      | Found an opulent altar of Gozag.
  2359 | D:4      | Noticed Edmund
  2370 | D:4      | Killed Edmund
  2371 | D:4      | Reached XP level 7. HP: 49/67 MP: 6/6
  2372 | D:4      | Found a bloodstained altar of Trog.
  2465 | D:4      | Noticed Pikel
  2465 | D:4      | Noticed Ijyb
  2476 | D:4      | Killed from afar by Pikel

Illustrated notes

Levels and vault maps discovered:
D:1:      dpeg_arrival_concentric_ovals, layout_basic,
          hellmonk_ecumenical_altar_prayer_group, eino_curves_04
D:2:      kennysheep_six_static_rooms, layout_loops_cross, grunt_ministairs_15
D:3:      cheibrodos_fertilizer, layout_basic,
          pdpol_temple_overflow_zin_treasury_gozag_greed,
          nicolae_overflow_crystal_walls, st_stairs_11, minmay_bisected
D:4:      layout_loops_ring, old_standard_altar, amcnicky_altar_gilded,
          serial_shops, shop, hex_tiny, uniq_edmund, uniq_sigmund, uniq_pikel,
          uniq_ijyb

Skill      XL: |  1  2  3  4  5  6 |
---------------+-------------------+-----
Maces & Flails | 2 3 |  3.0
Shields        | 3 |  3.5
Dodging        | 3 |  3.3
Long Blades    | 1 3 |  3.2
Fighting       | 3 |  3.5
Armour         | |  0.6
Stealth        | |  0.4

Action                   |  1- 3 |  4- 6 |  7- 9 || total
-------------------------+-------+-------+-------++-------
Melee: Flail             |    63 |       |       ||    63
       Long sword        |    20 |   123 |     6 ||   149
  Use: Scroll            |     4 |     7 |       ||    11
 Stab: Sleeping          |     3 |       |       ||     3
Armor: Robe              |    29 |    19 |       ||    48
       Fire dragon scale |       |    46 |     1 ||    47
Dodge: Dodged            |    46 |    43 |     3 ||    92
Block: Kite shield       |    33 |    55 |     2 ||    90

Table legend: (Time is in decaauts)
 A = Elapsed time spent in this place.
 B = Non-inter-level travel time spent in this place.
 C = Inter-level travel time spent in this place.
 D = Time resting spent in this place.
 E = Time spent auto-exploring this place.
 F = Levels seen in this place.
 G = Mean time per level.
                   A        B        C        D        E       F      G
               +--------+--------+--------+--------+--------+-----+--------+
         Total |   2571 |   2461 |    110 |     40 |   1675 |   4 |  642.8 |
       Dungeon |   2571 |   2461 |    110 |     40 |   1675 |   4 |  642.8 |
               +--------+--------+--------+--------+--------+-----+--------+

Top non-repeatable levels by time:
     D:3: 989 daAuts
     D:1: 781 daAuts
     D:2: 643 daAuts
     D:4: 156 daAuts
